 Dungeon Crawl Stone Soup version 0.31-a0-187-gba352fbbf7 (webtiles) character file.

Game seed: 14395335381160293661

239304 erloom the Brawler (level 19, -20/198 HPs)
             Began as a Troll Fighter on June 18, 2023.
             Was an Initiate of Gozag.
             Demolished by a faun
             ... wielding a +0 quarterstaff
              (24 damage)
             ... on level 4 of the Shoals on June 22, 2023.
             The game lasted 01:34:45 (38972 turns).

erloom the Brawler (Troll Fighter)                 Turns: 38972, Time: 01:34:46

Health: -20/198    AC: 17    Str: 29    XL:     19   Next: 1%
Magic:  21/21      EV:  9    Int:  8    God:    Gozag
Gold:   2886       SH: 23    Dex: 18    Spells: 16/22 levels left

rFire   + .          .
                       - Unarmed
rCold   + + +        P - +1 tower shield {rC+}
rNeg    + . .        s - +3 acid dragon scales
rPois   .            (helmet restricted)
rElec   +            q - scarf of Ignis's Inspiration {rC+ rF+, Will+ rCorr Dex+4 Stlth+}
rCorr   +            (gloves unavailable)
SInv    .            (boots unavailable)
Will    ++...        X - macabre finger necklace {Finger+ rN+}
Stlth   +++          M - ring "Weotwenk" {AC+4 Slay+2}
HPRegen 1.33/turn    G - ring of the Octopus King {rCorr HP+2 AC+2 EV+2 SH+2}
MPRegen 0.17/turn    i - ring "Diuh Kosah" {rElec rC+ rCorr Dex+3}

%: no passive effects
@: petrifying, bribing [the Shoals], very slow
A: large, unfitting armour, claws 3, regeneration 1, shaggy fur 1, tough skin 1
}: 1/15 runes: serpentine
a: Renounce Religion, Potion Petition, Call Merchant, Bribe Branch


You were on level 4 of the Shoals.
You worshipped Gozag.
Gozag was most pleased with you.
You visited 6 branches of the dungeon, and saw 31 of its levels.
You also visited: Ice Cave.

You collected 13683 gold pieces.
You spent 5892 gold pieces at shops.
You paid 4905 gold pieces to Gozag.

Inventory:

Missiles
 f - 31 large rocks
 w - 4 throwing nets
 F - 7 javelins
Armour
 l - a +2 robe of willpower
 q - the scarf of Ignis's Inspiration (worn) {rC+ rF+, Will+ rCorr Dex+4 Stlth+}
   (You acquired it on level 13 of the Dungeon)

   Dex:       It affects your dexterity (+4).
   rCorr:     It protects you from acid and corrosion.
   Will:      It increases your willpower.
   Stlth:     It makes you more stealthy.
 s - +3 acid dragon scales (worn)
 P - a +1 tower shield of cold resistance (worn)
Jewellery
 i - the ring "Diuh Kosah" (on amulet) {rElec rC+ rCorr Dex+3}
   (You bought it in a shop on level 3 of the Snake Pit)

   [ring of resist corrosion]

   Dex:       It affects your dexterity (+3).
   rC:        It protects you from cold.
   rElec:     It insulates you from electricity.
   rCorr:     It protects you from acid and corrosion.
 G - a ring of the Octopus King (right claw) {rCorr HP+2 AC+2 EV+2 SH+2}
   (You bought it in a shop on level 5 of the Dungeon)

   [ring of resist corrosion]

   AC:        It affects your AC (+2).
   EV:        It affects your evasion (+2).
   HP:        It affects your health (+2).
   rCorr:     It protects you from acid and corrosion.
   SH:        It affects your SH (+2).
 M - the ring "Weotwenk" (left claw) {AC+4 Slay+2}
   (You found it on level 9 of the Dungeon)

   [ring of protection]

   AC:        It affects your AC (+4).
   Slay:      It affects your accuracy & damage with ranged weapons and melee
   (+2).
 U - a ring of fire
 V - a ring of protection from cold
 X - the macabre finger necklace (around neck) {Finger+ rN+}
   (You bought it in a shop on level 3 of the Snake Pit)

   [amulet of nothing]

   Finger+:   It enables you to equip an extra ring.
   rN:        It protects you from negative energy.
 Y - a ring of poison resistance
 Z - a ring of fire
Wands
 g - a wand of flame (19)
 n - a wand of light (5)
 o - a wand of charming (29)
 z - a wand of mindburst (2)
 E - a wand of iceblast (19)
Scrolls
 a - a scroll of brand weapon
 h - 6 scrolls of enchant armour
 j - a scroll of silence {unknown}
 p - 2 scrolls of torment {unknown}
 r - 5 scrolls of enchant weapon
 x - 3 scrolls of butterflies
 y - 2 scrolls of immolation
 A - 9 scrolls of teleportation
 D - 4 scrolls of blinking
 H - 2 scrolls of fear {unknown}
 I - 5 scrolls of revelation
 K - 3 scrolls of poison
 Q - a scroll of fog
 T - 3 scrolls of vulnerability {unknown}
 W - 6 scrolls of amnesia
Potions
 b - 5 potions of ambrosia
 c - 4 potions of might
 d - 3 potions of attraction
 e - 6 potions of lignification
 k - 7 potions of mutation
 m - 5 potions of enlightenment
 t - 6 potions of brilliance
 u - 5 potions of haste
 B - 10 potions of curing
 J - a potion of cancellation
 L - a potion of berserk rage {unknown}
 N - 3 potions of resistance
Miscellaneous
 O - a phantom mirror (inert)
 R - a piece from Xom's chessboard (15/15)
 S - a lightning rod (1/4)


   Skills:
 + Level 13.8 Fighting
 - Level 10.0 Throwing
 - Level 9.0 Dodging
 - Level 2.0 Stealth
 - Level 15.0 Shields
 - Level 20.0 Unarmed Combat
 + Level 2.2 Spellcasting
 + Level 2.8 Transmutations
 + Level 3.3 Earth Magic
 - Level 8.0 Evocations


You had 16 spell levels left.
You knew the following spells:

 Your Spells              Type           Power      Damage    Failure   Level
a - Statue Form           Tmut/Erth      3%         N/A       100%        6

Your spell library contained the following spells:

 Spells                   Type           Power      Damage    Failure   Level
 Beastly Appendage        Tmut           10%        N/A       28%         1
 Passwall                 Tmut/Erth      4%         N/A       36%         2
 Apportation              Tloc           0%         N/A       67%         1
 Magic Dart               Conj           0%         1d3       67%         1
 Blink                    Tloc           0%         N/A       80%         2
 Call Imp                 Summ           0%         N/A       80%         2
 Ensorcelled Hibernation  Hex/Ice        0%         N/A       80%         2
 Static Discharge         Conj/Air       0%         2-2/arc   80%         2
 Call Canine Familiar     Summ           0%         N/A       95%         3
 Hailstorm                Conj/Ice       0%         3d3       95%         3
 Mephitic Cloud           Conj/Pois/Air  0%         N/A       95%         3
 Portal Projectile        Hex/Tloc       0%         N/A       95%         3
 Swiftness                Air            0%         N/A       95%         3
 Vhi's Electric Charge    Tloc/Air       0%         N/A       95%         3
 Volatile Blastmotes      Fire/Tloc      0%         2d10      95%         3
 Petrify                  Tmut/Erth      5%         N/A       95%         4
 Ice Form                 Ice/Tmut       3%         N/A       99%         4
 Leda's Liquefaction      Hex/Erth       1%         N/A       99%         4
 Airstrike                Air            0%         2d(0-16)  100%        4
 Fulminant Prism          Conj/Hex       0%         3d5       100%        4
 Iskenderun's Mystic Bla  Conj/Tloc      0%         2d3       100%        4
 Manifold Assault         Tloc           0%         N/A       100%        4
 Summon Lightning Spire   Summ/Air       0%         N/A       100%        4
 Alistair's Intoxication  Tmut/Pois      2%         N/A       100%        5
 Arcjolt                  Conj/Air       0%         1d10      100%        5
 Blade Hands              Tmut           2%         N/A       100%        5
 Iskenderun's Battlesphe  Conj           0%         2d6       100%        5
 Lee's Rapid Deconstruct  Erth           3%         3d5*      100%        5
 Metabolic Englaciation   Hex/Ice        0%         N/A       100%        5
 Summon Forest            Summ/Tloc      0%         N/A       100%        5
 Yara's Violent Unravell  Hex/Tmut       1%         3d3       100%        5
 Dispersal                Tloc           0%         N/A       100%        6
 Leda's Unmaking          Conj/Erth      1%         9d1       100%        6
 Dragon Form              Tmut           2%         N/A       100%        7
 Spellforged Servitor     Conj/Summ      0%         N/A       100%        7
 Storm Form               Tmut/Air       1%         N/A       100%        7
 Borgnjor's Revivificati  Necr           0%         N/A       100%        8
 Disjunction              Tloc           0%         N/A       100%        8
 Maxwell's Capacitive Co  Air            0%         ∞         100%        8
 Necromutation            Tmut/Necr      1%         N/A       100%        8
 Death's Door             Necr           0%         N/A       100%        9
 Simulacrum               Ice/Necr       Unusable   N/A       N/A         6

Dungeon Overview and Level Annotations

Branches:
Dungeon (15/15)            Temple (1/1) D:6            Lair (5/5) D:8
 Shoals (4/4) Lair:3        Snake (4/4) Lair:2        Slime (0/5) Lair:4
    Orc (2/2) D:12            Elf (0/3) Orc:2        Vaults (0/5) D:14
 Depths (0/4) D:15          IceCv (visited)

Altars:
Ashenzari
Cheibriados
Dithmenos
Elyvilon
Fedhas
Gozag
Hepliaklqana
Nemelex Xobeh
Okawaru
Ru
Sif Muna
Trog
Uskayaw
Vehumet
Yredelemnul
Zin
The Shining One
Jiyva

Shops:
D:4 (   D:5 =   D:10 ?   D:12 *   Orc:2 *!?*   Shoals:1 !   Shoals:2 *
Snake:1 :   Snake:3 =::[

Annotations:
D:11 3 runed translucent doors, Anon1729's ghost, journeyman VSFi
D:15 Roxanne
Shoals:2 3 runed translucent doors, exclusion: obsidian statue, Yjinump's ghost, journeyman MfMo
Snake:4 1 runed translucent door, Vorhees's ghost, adept GrFi


Innate Abilities, Weirdness & Mutations

You are too large for most types of armour.
You have claws for hands.
Your natural rate of healing is unusually fast.
You are covered in fur. (AC +1)
You have tough skin. (AC +1)


Message History

The satyr is moderately wounded.
You are knocked back by the gust of wind.
You collide with the harpy!
The harpy is heavily wounded.
* * * LOW HITPOINT WARNING * * *
The harpy is knocked back by the gust of wind.
The harpy collides with the water elemental!
The water elemental is lightly damaged.
The harpy is moderately wounded.
The sphinx hits you!
* * * LOW HITPOINT WARNING * * *
The sphinx hits you but does no damage. x2
Unknown command.
Unknown command.
Unknown command.
Unknown command.
You are engulfed in calcifying dust.
The water engulfing you falls away.
You gasp with relief as air once again reaches your lungs.
You block the harpy's attack. The harpy claws you but does no damage.
You block the harpy's attack. The harpy claws you but does no damage.
You block the harpy's attack. The harpy claws you.
* * * LOW HITPOINT WARNING * * *
The harpy claws you. The harpy claws you!
* * * LOW HITPOINT WARNING * * *
The water nymph touches you. The water nymph drowns you!
* * * LOW HITPOINT WARNING * * *
The water nymph's watery aura covers the stone staircase leading up.
Splash!
You fall into the shallow water.
The merfolk hits you from afar with a +0 spear.
The satyr shoots an arrow.
The arrow hits you!
* * * LOW HITPOINT WARNING * * *
The sphinx hits you!
* * * LOW HITPOINT WARNING * * *
You block the sphinx's attack. The sphinx hits you but does no damage.
The water elemental barely misses you. The water nymph barely misses you.
The faun unwields a +0 sling.
The faun wields a +0 quarterstaff.
The faun hits you with a +0 quarterstaff!!!
You die...
Your body crumbles into a pile of gold.

≈≈≈≈≈≈≈≈≈≈≈≈≈≈≈≈≈≈
≈≈≈≈≈≈≈≈≈≈≈≈≈≈≈≈≈≈≈≈
≈≈≈≈≈≈≈≈≈≈≈≈≈≈≈≈≈≈≈≈≈
≈≈≈≈≈≈≈≈≈≈≈≈≈≈≈≈≈≈≈≈≈
≈≈≈≈≈≈≈≈≈≈≈≈≈≈≈≈≈≈≈≈≈
~~~~~~~~~~~~~c≈≈≈≈≈≈≈
....P..<...~~~m≈≈≈≈≈≈
..P.P...$<.H$H~~≈≈mm≈
..PP....#.$k@mm~~≈≈≈≈
.....P..##.EHc~~~≈≈≈≈
P...........§~~~~≈≈≈≈
..#+#.....§$~~~~~≈≈≈≈
. ~ #.[..§$.c~~~~≈≈≈≈
~ ~#~~~Y$$$~~~~≈≈≈≈
~# +
..#'.§###.~~~~≈≈≈≈
~#.~ ...§# ###~~~≈≈≈≈
~... ##.~ #~~≈≈≈≈


You could see a sphinx, a catoblepas, 2 merfolk javelineers, a satyr, a wind
drake (repels missiles), a merfolk, 2 fauns, a water elemental, a merfolk siren,
a water nymph and 2 harpies.

Vanquished Creatures
  Nikola (Shoals:3)
  2 krakens (Shoals:3)
  5 nagarajas (Snake:4)
  Ilsuiw (Shoals:3)
  Aizul (Snake:2)
  An orc warlord (Orc:1)
  A very ugly thing (D:14)
  A reaper (IceCv)
  A formless jellyfish (Shoals:4)
  A minotaur (Shoals:4)
  Snorg (D:10)
  6 merfolk impalers
  A great orb of eyes (D:14)
  2 merfolk javelineers
  Josephine (Lair:5)
  2 rakshasas
  5 hydras
  A catoblepas (D:14)
  5 salamander tyrants
  2 merfolk avatars
  12 anacondas
  7 centaur warriors
  11 boulder beetles
  The ghost of Anon1729 the Fighter, a novice MiMo of Uskayaw (D:9)
  2 ogre magi (D:14)
  5 merfolk aquamancers
  2 tengu warriors (D:15)
  9 satyrs
  6 two-headed ogres
  2 alligator snapping turtles
  25 naga warriors
  3 death yaks (D:8)
  2 orc high priests (Orc:2)
  11 shock serpents
  12 naga sharpshooters
  5 skysharks
  A fire crab (shapeshifter) (D:13)
  5 skeletal warriors (D:14)
  7 salamander mystics
  A sea snake (shapeshifter) (D:15)
  11 sea snakes
  A glowing orange brain (D:15)
  2 wizards
  15 harpies
  5 orc knights
  4 deep elf pyromancers
  5 orc sorcerers
  13 naga ritualists
  23 mana vipers
  The ghost of eyesofgods1 the Slasher, a novice DjGl (D:5)
  13 ugly things
  4 oklob plants (Lair:1)
  8 cyclopes
  18 salamanders
  2 wolf spiders (D:14)
  7 merfolk sirens
  15 elephants
  15 manticores
  16 fauns
  18 slime creatures
  5 water nymphs
  A guardian serpent (Snake:2)
  21 naga magi
  39 black mambas
  3 gargoyles
  An ice statue (IceCv)
  7 cane toads
  2 kobold demonologists
  2 efreet (D:14)
  Psyche (D:8)
  6 komodo dragons
  An anaconda simulacrum (IceCv)
  6 rime drakes
  3 ice devils
  A queen bee (Lair:2)
  3 trolls
  28 merfolk
  5 polar bears
  6 wind drakes
  5 hornets
  24 blink frogs
  3 dream sheep
  7 snapping turtles
  17 water elementals
  A jumping spider (shapeshifter) (D:13)
  2 vampires
  13 spriggans (Lair:5)
  3 shadows
  2 dire elephant simulacra (IceCv)
  6 wraiths
  2 wyverns
  3 basilisks
  46 yaks
  Eustachio (D:4)
  2 steam dragons
  3 death yak simulacra (IceCv)
  27 vampire mosquitoes
  A swamp worm (shapeshifter) (D:14)
  A harpy simulacrum (IceCv)
  4 wargs
  48 nagas
  12 water moccasins
  An acid dragon (D:9)
  Duvessa (D:7)
  2 hydra simulacra (IceCv)
  42 orc warriors
  6 black bears
  A sky beast (D:6)
  10 ogres
  9 boggarts
  13 centaurs
  30 wolves
  2 phantoms
  2 kobold brigands
  12 bullfrogs
  5 two-headed ogre simulacra (IceCv)
  Blork the orc (D:5)
  5 scorpions
  3 cane toad simulacra (IceCv)
  An elephant simulacrum (IceCv)
  A troll zombie (D:12)
  Dowan (D:7)
  30 killer bees
  A howler monkey (D:7)
  6 electric eels
  5 lava snakes
  6 jellies
  15 orc priests
  3 hounds
  5 sleepcaps
  4 gnoll boudas
  Ijyb (D:3)
  An iguana (D:6)
  28 orc wizards
  6 troll simulacra (IceCv)
  6 spriggan simulacra (IceCv)
  2 wolf simulacra (IceCv)
  7 ogre zombies (D:12)
  10 adders
  15 gnolls
  5 naga simulacra (IceCv)
  A shadow imp (D:5)
  6 white imps
  7 ufetubi
  A worm (D:2)
  2 dart slugs
  105 orcs
  8 endoplasms
  5 giant cockroaches
  15 goblins
  8 hobgoblins
  4 jackals (D:2)
  2 quokkas
  8 ball pythons
  7 bats
  2 frilled lizards
  A goblin skeleton (D:12)
  4 goblin zombies (D:12)
  2 hobgoblin skeletons (D:12)
  3 hobgoblin zombies (D:12)
  16 kobolds
  2 orc skeletons (D:12)
  13 orc zombies (D:12)
  6 rats
  11 tentacles
1283 creatures vanquished.

Vanquished Creatures (others)
  Jorgrun (D:14)
  A manticore (Shoals:4)
  A merfolk siren (Shoals:4)
  2 merfolk (Shoals:4)
  A water elemental (Shoals:4)
  An orc priest (Orc:1)
  An orc (Orc:1)
  44 tentacles
52 creatures vanquished.

Grand Total: 1335 creatures vanquished

Notes
Turn   | Place    | Note
-------+----------+-------------------------------------------
     0 | D:1      | erloom the Troll Fighter began the quest for the Orb.
     0 | D:1      | Reached XP level 1. HP: 22/22 MP: 0/0
   165 | D:1      | Reached XP level 2. HP: 29/29 MP: 1/1
   201 | D:1      | Reached skill level 3 in Unarmed Combat
   679 | D:2      | Reached XP level 3. HP: 36/36 MP: 2/2
   798 | D:2      | Reached skill level 4 in Unarmed Combat
   851 | D:2      | Noticed a scorpion
   875 | D:1      | Killed a scorpion
   876 | D:1      | Reached XP level 4. HP: 34/44 MP: 3/3
  1141 | D:2      | Reached skill level 5 in Unarmed Combat
  1412 | D:3      | Noticed Ijyb
  1433 | D:3      | Killed Ijyb
  1434 | D:3      | Reached XP level 5. HP: 13/50 MP: 4/4
  1898 | D:3      | Reached skill level 1 in Evocations
  2030 | D:3      | Found a hazy altar of Hepliaklqana.
  2071 | D:3      | Found a glowing silver altar of Zin.
  2229 | D:3      | Found a radiant altar of Vehumet.
  2233 | D:3      | Reached skill level 6 in Unarmed Combat
  2233 | D:3      | Reached XP level 6. HP: 59/59 MP: 5/5
  2234 | D:3      | Found an iron altar of Okawaru.
  2237 | D:3      | Found a snail-covered altar of Cheibriados.
  2488 | D:4      | Found Geosughu's Weapon Emporium.
  2623 | D:4      | Noticed Eustachio
  2647 | D:4      | Killed Eustachio
  2648 | D:4      | Reached skill level 7 in Unarmed Combat
  2648 | D:4      | Reached XP level 7. HP: 60/66 MP: 6/6
  3274 | D:5      | Entered Level 5 of the Dungeon
  3653 | D:5      | Found Tistozec's Jewellery Shoppe.
  3795 | D:5      | Noticed Blork the orc
  3801 | D:5      | Killed Blork the orc
  3970 | D:5      | Reached skill level 8 in Unarmed Combat
  3997 | D:5      | Found a runed translucent door.
  4002 | D:5      | Noticed eyesofgods1's ghost (novice DjGl)
  4087 | D:5      | Reached XP level 8. HP: 78/78 MP: 7/7
  4327 | D:6      | Found a staircase to the Ecumenical Temple.
  4347 | Temple   | Entered the Ecumenical Temple
  4418 | Temple   | Became a worshipper of Gozag Ym Sagoz the Greedy
  5127 | D:7      | Reached skill level 9 in Unarmed Combat
  5212 | D:7      | Reached skill level 5 in Fighting
  5510 | D:7      | Reached XP level 9. HP: 79/88 MP: 8/8
  5647 | D:7      | Paralysed by a hornet for 1 turns
  5652 | D:7      | Paralysed by a hornet for 2 turns
  5655 | D:7      | Reached skill level 1 in Stealth
  6164 | D:7      | Noticed Duvessa
  6164 | D:7      | Noticed Dowan
  6177 | D:7      | Killed Duvessa
  6182 | D:7      | Killed Dowan
  6536 | D:8      | Reached skill level 10 in Unarmed Combat
  6615 | D:8      | Noticed Psyche
  6621 | D:8      | Killed Psyche
  6827 | D:8      | Found a shadowy altar of Dithmenos.
  7008 | D:8      | Noticed Joseph
  7012 | D:8      | Joseph changed into Joseph the black bear
  7012 | D:8      | Noticed Joseph
  7022 | D:8      | Killed Joseph the black bear
  7023 | D:8      | Reached skill level 5 in Shields
  7094 | D:8      | Found a shimmering blue altar of Sif Muna.
  7183 | D:5      | Bought a ring of the Octopus King {rCorr HP+2 AC+2 EV+2
                  | SH+2} for 789 gold pieces
  7183 | D:5      | Found the ring of the Octopus King {rCorr HP+2 AC+2 EV+2
                  | SH+2}
  7408 | D:8      | Found a staircase to the Lair.
  7522 | D:9      | Found a large runed translucent door.
  7522 | D:9      | Found a large runed translucent door.
  7562 | D:9      | Noticed Anon1729's ghost (novice MiMo)
  7609 | D:9      | Found a basalt altar of Yredelemnul.
  7641 | D:9      | Reached XP level 10. HP: 98/98 MP: 9/9
  7665 | D:9      | Reached skill level 11 in Unarmed Combat
  8371 | D:9      | Identified the ring "Weotwenk" {AC+4 Slay+2}
  8591 | D:5      | Killed eyesofgods1's ghost
  8760 | D:10     | Entered Level 10 of the Dungeon
  9060 | D:10     | Noticed Snorg
  9087 | D:10     | Killed Snorg
  9088 | D:10     | Reached XP level 11. HP: 76/109 MP: 10/10
  9167 | D:10     | Noticed a deep elf pyromancer
  9171 | D:10     | Killed a deep elf pyromancer
  9229 | D:10     | Found The Oracle's Delphic Readings.
  9233 | D:10     | Bought a scroll of identify for 24 gold pieces
  9669 | D:10     | Found a sparkling altar of Nemelex Xobeh.
  9957 | Lair:1   | Entered Level 1 of the Lair of Beasts
 10010 | D:8      | Reached skill level 12 in Unarmed Combat
 10065 | Lair:1   | Noticed an oklob plant
 10233 | Lair:1   | Got the Catalogue of Alteration and the Wayfarer
 10343 | Lair:1   | Noticed a death yak
 10363 | Lair:1   | Noticed a death yak
 10373 | Lair:1   | Noticed a death yak
 10404 | D:8      | Killed a death yak
 10425 | D:8      | Killed a death yak
 10432 | D:8      | Killed a death yak
 10433 | D:8      | Reached skill level 5 in Evocations
 10541 | Lair:1   | Reached XP level 12. HP: 83/122 MP: 11/11
 11442 | D:11     | Found a frozen archway.
 11471 | IceCv    | Entered an ice cave
 11568 | IceCv    | Reached skill level 13 in Unarmed Combat
 12009 | IceCv    | Reached skill level 5 in Dodging
 12182 | IceCv    | Noticed a reaper
 12196 | IceCv    | Killed a reaper
 12805 | D:11     | Noticed a boulder beetle
 12843 | D:11     | Killed a boulder beetle
 12944 | D:11     | Noticed a boulder beetle
 12968 | D:11     | Killed a boulder beetle
 12997 | D:11     | Found a runed translucent gate.
 12997 | D:11     | Found a runed translucent gate.
 12997 | D:11     | Found a runed translucent gate.
 13384 | D:12     | Noticed a two-headed ogre
 13523 | D:12     | Identified the +1 falchion of Mana {pain, rElec}
 13575 | D:12     | Reached XP level 13. HP: 132/132 MP: 12/12
 13576 | D:12     | Found a staircase to the Orcish Mines.
 15009 | Orc:1    | Entered Level 1 of the Orcish Mines
 15081 | Orc:2    | Entered Level 2 of the Orcish Mines
 15132 | Orc:2    | Reached skill level 10 in Shields
 15165 | Orc:2    | Reached skill level 10 in Fighting
 15277 | Orc:2    | Reached skill level 14 in Unarmed Combat
 15881 | Orc:2    | Found a staircase to the Elven Halls.
 16346 | Orc:2    | Found Wanuim's Magic Scroll Emporium.
 16346 | Orc:2    | Found Aghor's Distillery.
 16348 | Orc:2    | Found Maqegha's General Store.
 16350 | Orc:2    | Found Poxegheb's Assorted Antiques.
 16354 | Orc:2    | Bought a grey potion for 26 gold pieces
 16354 | Orc:2    | Bought a metallic emerald potion for 26 gold pieces
 16354 | Orc:2    | Bought a yellow potion for 26 gold pieces
 16354 | Orc:2    | Bought a red potion for 26 gold pieces
 16356 | Orc:2    | Bought a scroll of butterflies for 60 gold pieces
 16356 | Orc:2    | Bought a scroll of teleportation for 45 gold pieces
 16356 | Orc:2    | Bought a scroll of teleportation for 45 gold pieces
 16356 | Orc:2    | Bought a scroll of blinking for 112 gold pieces
 16359 | Orc:2    | Bought a potion of heal wounds for 85 gold pieces
 16359 | Orc:2    | Bought a potion of curing for 51 gold pieces
 16359 | Orc:2    | Bought a potion of might for 68 gold pieces
 16359 | Orc:2    | Bought a potion of curing for 51 gold pieces
 16361 | Orc:2    | Bought an Inescapable Atlas for 544 gold pieces
 16797 | Orc:1    | Noticed an orc warlord
 16837 | Orc:1    | Killed an orc warlord
 17064 | D:12     | Bought a blackened cloak for 171 gold pieces
 17064 | D:12     | Identified the +0 cloak of the Big Bang {rCorr} (You bought
                  | it in a shop on level 12 of the Dungeon)
 17064 | D:12     | Bought a scroll of identify for 36 gold pieces
 17064 | D:12     | Bought a marble ring for 90 gold pieces
 17064 | D:12     | Bought a scroll of teleportation for 54 gold pieces
 17064 | D:12     | Bought a scroll labelled QEGYPP LICUE for 18 gold pieces
 17544 | Lair:2   | Reached skill level 15 in Unarmed Combat
 17758 | Lair:2   | Reached XP level 14. HP: 91/144 MP: 13/13
 18355 | Lair:2   | Found a staircase to the Snake Pit.
 19525 | Lair:3   | Found a staircase to the Shoals.
 20128 | Lair:4   | Reached skill level 16 in Unarmed Combat
 20364 | Lair:4   | Found a viscous altar of Jiyva.
 20364 | Lair:4   | Found a staircase to the Slime Pits.
 21136 | Lair:5   | Entered Level 5 of the Lair of Beasts
 21325 | Lair:5   | Noticed Josephine
 21342 | Lair:5   | Killed Josephine
 21735 | Lair:5   | HP: 5/150 [wolf (4)]
 22463 | D:13     | Reached XP level 15. HP: 156/156 MP: 14/14
 22514 | D:13     | Identified a scroll of acquirement
 22515 | D:13     | Acquired the scarf of Ignis's Inspiration {rC+ rF+, Will+
                  | rCorr Dex+4 Stlth+}
 23295 | D:14     | You fall into a shaft and drop 1 floor!
 23295 | D:15     | Entered Level 15 of the Dungeon
 23355 | D:15     | Reached skill level 1 in Throwing
 23398 | D:14     | Found a gate to the Vaults.
 23496 | D:14     | Reached skill level 17 in Unarmed Combat
 24005 | D:14     | Identified the +2 battleaxe of the Eternal Warrior {flame,
                  | rN+ Will+ Dex+3 SInv}
 24077 | D:14     | Noticed Jorgrun
 24111 | D:14     | Killed Jorgrun
 24748 | D:14     | Found the +5 scythe "Finisher" {speed, execute}
 24751 | D:14     | Identified the +3 leather armour of Matweem {Int+4 Slay+2}
 25589 | D:15     | Found a staircase to the Depths.
 25624 | D:15     | Reached XP level 16. HP: 91/166 MP: 15/15
 25976 | D:15     | Identified Roxanne's Codex of Amathomancy
 25976 | D:15     | Noticed Roxanne
 26317 | D:9      | Killed Anon1729's ghost
 26461 | D:11     | Found a runed translucent gate.
 26461 | D:11     | Found a runed translucent gate.
 26466 | D:11     | Found a runed translucent gate.
 26466 | D:11     | Noticed Anon1729's ghost (journeyman VSFi)
 26720 | Snake:1  | Entered Level 1 of the Snake Pit
 26726 | Snake:1  | Reached skill level 18 in Unarmed Combat
 27552 | Snake:1  | Found Sejufeq's Book Boutique.
 27558 | Snake:1  | Reached skill level 5 in Throwing
 28782 | Snake:2  | Noticed Aizul
 28797 | Snake:2  | Killed Aizul
 29033 | Snake:2  | Reached XP level 17. HP: 175/175 MP: 16/16
 29245 | Snake:3  | HP: 7/177 [naga sharpshooter/arrow (7)]
 29386 | Snake:3  | Found Izxinn's Book Boutique.
 29387 | Snake:3  | Found Tumn's Jewellery Emporium.
 29405 | Snake:3  | Found Cojar's Book Boutique.
 29416 | Snake:3  | Bought the macabre finger necklace {Finger+ rN+} for 560
                  | gold pieces
 29416 | Snake:3  | Found the macabre finger necklace {Finger+ rN+}
 29432 | Snake:3  | Bought the ring "Diuh Kosah" {rElec rC+ rCorr Dex+3} for
                  | 662 gold pieces
 29905 | Snake:3  | Reached skill level 19 in Unarmed Combat
 30392 | Snake:4  | Entered Level 4 of the Snake Pit
 30392 | Snake:4  | Found a runed translucent door.
 30881 | Snake:4  | Noticed Vorhees's ghost (adept GrFi)
 31398 | Snake:4  | HP: 6/180 [salamander mystic/lance of force (30)]
 31403 | Snake:4  | HP: 7/180 [salamander mystic/+0 dagger (5)]
 31403 | Snake:4  | HP: 1/180 [salamander mystic/+0 dagger (6)]
 31875 | Snake:3  | Bought shiny acid dragon scales for 989 gold pieces
 32923 | Snake:3  | Bought the Anthology of Transmigration for 484 gold pieces
 32937 | Snake:3  | Learned a level 6 spell: Statue Form
 33348 | Snake:4  | Reached XP level 18. HP: 163/187 MP: 9/17
 33633 | Snake:4  | Got a serpentine rune of Zot
 33826 | Shoals:1 | Entered Level 1 of the Shoals
 34489 | Lair:3   | Upgraded the game from 0.31-a0-177-g4aa6249778 to
                  | 0.31-a0-187-gba352fbbf7
 34649 | Shoals:2 | Reached skill level 20 in Unarmed Combat
 35039 | Shoals:2 | Found a runed translucent gate.
 35039 | Shoals:2 | Found a runed translucent gate.
 35039 | Shoals:2 | Found a runed translucent gate.
 35040 | Shoals:2 | Found an opulent altar of Gozag.
 35041 | Shoals:2 | Found Gergheurgh's Assorted Antiques.
 35091 | Shoals:2 | Noticed Yjinump's ghost (journeyman MfMo)
 35616 | Shoals:1 | Found Lah Teff's Distillery.
 35620 | Shoals:1 | Bought a potion of heal wounds for 85 gold pieces
 35620 | Shoals:1 | Bought a potion of curing for 51 gold pieces
 35620 | Shoals:1 | Bought a potion of heal wounds for 85 gold pieces
 35620 | Shoals:1 | Bought a potion of curing for 51 gold pieces
 35620 | Shoals:1 | Bought 3 potions of cancellation for 408 gold pieces
 35620 | Shoals:1 | Bought a potion of resistance for 170 gold pieces
 36357 | Shoals:3 | Noticed Ilsuiw
 36728 | Shoals:3 | Reached skill level 15 in Shields
 37141 | Shoals:3 | Reached skill level 10 in Throwing
 37447 | Shoals:3 | Reached skill level 1 in Earth Magic
 37633 | Shoals:3 | Reached skill level 1 in Transmutations
 37742 | Shoals:3 | Noticed Nikola
 37765 | Shoals:3 | Killed Nikola
 37766 | Shoals:3 | Reached skill level 1 in Spellcasting
 38120 | Shoals:3 | Killed Ilsuiw
 38310 | Shoals:4 | Entered Level 4 of the Shoals
 38559 | Shoals:4 | Paralysed by a formless jellyfish for 1 turns
 38945 | Shoals:4 | Reached XP level 19. HP: 97/196 MP: 21/21
 38968 | Shoals:4 | HP: 8/198 [harpy (5)]
 38972 | Shoals:4 | Demolished by a faun

Illustrated notes

Levels and vault maps discovered:
D:1:      dpeg_arrival_arbitrary_b, layout_basic, nrook_campfire,
          minmay_tromino_v7
D:2:      layout_loops_cross
D:3:      layout_basic, mainiacjoe_overflow_six_doors_small,
          mainiacjoe_overflow_24_doors, minmay_overflow_temple_star_quad,
          uniq_ijyb
D:4:      layout_cave_pools, serial_shops, shop, chequers_big_river,
          corexii_leaking_fountain, uniq_eustachio
D:5:      layout_gridville, ebering_ghost_reflecting_pool, serial_shops,
          shop_coins, corexii_corridor_pit, uniq_blork_the_orc
D:6:      layout_basic, minmay_temple_entry_drinking_statues
D:7:      layout_loops_corners, roderic_serpentine_path, uniq_duvessa
D:8:      layout_loops_ring, overflow_temple_1_default,
          mainiacjoe_overflow_tiny_flanked, lair_entry_dummy, uniq_psyche,
          uniq_joseph
D:9:      layout_loops_ring, lemuel_round_altar, ebering_ghost_disaster_area
D:10:     minmay_goldmine, layout_irregular_city, nemelex_diamond_rough_becter,
          nicolae_nh_oracle_at_delphi, uniq_snorg
D:11:     layout_cave_pools, portal_ice_cave_demonic_guard,
          ploomutoo_gammafunk_ghost_potion_laboratory
D:12:     layout_layer_cave, zombieorc2_lemuel, grunt_decor_clamped,
          kennysheep_big_empty_room, serial_park_tiny_1
D:13:     layout_cave_pods
D:14:     minmay_the_grid_octo_tiled_octocenter_mashed
          [minmay_the_grid_octo_tetromino_candy, minmay_the_grid_octo_clover,
          minmay_the_grid_octo_concentric, minmay_the_grid_octo_focus,
          minmay_the_grid_octo_prize_square_snowflake,
          minmay_the_grid_square_5x5_empty,
          minmay_the_grid_square_5x5_checkered_statues,
          minmay_the_grid_square_5x5_seven, minmay_the_grid_square_5x5_inner_v],
          layout_cave_pools, serial_rivers, chequers_serial_rivers_large_b,
          chequers_serial_rivers_marsh, chequers_serial_rivers_large_a,
          chequers_serial_rivers_micro_d, uniq_jorgrun
D:15:     gammafunk_enter_depths_forms, layout_gridville,
          hangedman_decor_opposing, uniq_roxanne
Temple:   oiseaux_autumnal_temple
Lair:1:   minmay_lair_oklob_chamber, layout_gridlike, serial_bayou_crossing
Lair:2:   layout_cave_pods, nicolae_snake_entry_warm_welcome, special_room
          [special_room_bee], minivault_23, infiniplex_staircase_pool_2,
          serial_bayou_shore_a, lemuel_fruit_fields
Lair:3:   layout_cellular_growth, nicolae_shoals_entry_roost,
          nicolae_lair_liquid_snakes, lemuel_fruit_tree
Lair:4:   layout_regular_city, nicolae_slime_entry_field_trip, minmay_holes
Lair:5:   minmay_lair_end_enchanted_forest, layout_regular_city, uniq_josephine
Shoals:1: cheibrodos_shoals_oceanic_diplomacy, layout_shoals, serial_shops,
          nicolae_shop_stone
Shoals:2: layout_shoals, ebering_ghost_gozag
Shoals:3: layout_shoals, uniq_nikola, uniq_ilsuiw
Shoals:4: shoals_end_hellmonk_lost_city, serial_shops, uniq_kirke,
          uniq_polyphemus
Snake:1:  layout_rooms, serial_shops, shop
Snake:2:  layout_honeycomb, nicolae_snake_coiling_death, grunt_megastairs_1,
          uniq_aizul
Snake:3:  layout_gridlike, grunt_megastairs_2, minmay_shop_grove
Snake:4:  minmay_snake_end_coiled, layout_gridlike,
          ebering_ghost_reflecting_pool, nicolae_snake_magic_snake_eye
Orc:1:    layout_diamond_mine
Orc:2:    st_orc_rangers, layout_caves, mines1_david

Skill      XL: |  1  2  3  4  5  6  7  8  9 10 11 12 13 14 15 16 17 18 |
---------------+-------------------------------------------------------+-----
Unarmed Combat | 3 4 5 6 7 8 9 10 11 12 13 15 16 17 18 19 20 | 20.0
Evocations     | 1 2 3 5 6 7 8 |  8.0
Dodging        | 3 4 5 6 7 8 9 |  9.0
Fighting       | 3 5 6 7 8 9 10 11 12 13 | 13.8
Shields        | 3 5 6 8 9 11 12 13 14 15 | 15.0
Stealth        | 2 |  2.0
Throwing       | 4 5 7 10 | 10.0
Earth Magic    | 3 |  3.3
Transmutations | 2 |  2.8
Spellcasting   | 2 |  2.2

Action                     |  1- 3 |  4- 6 |  7- 9 | 10-12 | 13-15 | 16-18 | 19-21 || total
---------------------------+-------+-------+-------+-------+-------+-------+-------++-------
  Melee: Unarmed           |   108 |   168 |   355 |   677 |  1558 |  1775 |    11 ||  4652
 Invoke: Call Merchant     |       |       |       |       |     1 |     1 |       ||     2
         Potion Petition   |       |       |       |       |       |       |     1 ||     1
         Bribe Branch      |       |       |       |       |       |       |     1 ||     1
  Evoke: Wand              |       |     1 |     7 |     5 |    20 |     5 |       ||    38
         Lightning rod     |       |       |       |       |     2 |    11 |       ||    13
         Phantom mirror    |       |       |       |       |       |     1 |       ||     1
         Piece from Xom's  |       |       |       |       |       |     1 |       ||     1
    Use: Potion            |       |       |     1 |     2 |     5 |    13 |     4 ||    25
         Scroll            |       |       |       |     7 |    13 |    13 |     2 ||    35
   Stab: Invisible         |       |     3 |     1 |     2 |     5 |     5 |       ||    16
         Distracted        |       |       |     1 |     3 |    12 |    13 |       ||    29
         Paralysed         |       |       |       |       |     1 |       |       ||     1
         Sleeping          |       |       |       |       |     6 |    15 |       ||    21
 Armour: Robe              |    41 |    32 |    41 |   113 |   300 |    57 |       ||   584
         Acid dragon scale |       |       |       |       |       |   155 |    19 ||   174
  Dodge: Dodged            |    43 |    78 |   154 |   265 |   535 |   533 |    19 ||  1627
  Block: Kite shield       |    40 |    65 |   117 |   264 |       |       |       ||   486
         Tower shield      |       |       |       |   113 |  1537 |  1857 |    53 ||  3560

Table legend: (Time is in decaauts)
 A = Elapsed time spent in this place.
 B = Non-inter-level travel time spent in this place.
 C = Inter-level travel time spent in this place.
 D = Time resting spent in this place.
 E = Time spent auto-exploring this place.
 F = Levels seen in this place.
 G = Mean time per level.
                   A        B        C        D        E       F      G
               +--------+--------+--------+--------+--------+-----+--------+
         Total |  38386 |  36071 |   2315 |   4986 |  18149 |  32 | 1199.6 |
       Dungeon |  16589 |  15168 |   1421 |   1088 |   9374 |  15 | 1105.9 |
        Temple |    143 |    120 |     23 |     35 |     59 |   1 |  143.0 |
          Lair |   6744 |   6399 |    345 |    803 |   3425 |   5 | 1348.8 |
        Shoals |   4803 |   4566 |    237 |   1333 |   1345 |   4 | 1200.8 |
     Snake Pit |   6767 |   6623 |    144 |   1411 |   2540 |   4 | 1691.8 |
  Orcish Mines |   2029 |   1886 |    143 |    187 |    820 |   2 | 1014.5 |
      Ice Cave |   1309 |   1309 |      0 |    127 |    586 |   1 | 1309.0 |
               +--------+--------+--------+--------+--------+-----+--------+

Top non-repeatable levels by time:
 Snake:4: 2630 daAuts
Shoals:3: 2046 daAuts
    D:12: 1862 daAuts
 Snake:3: 1786 daAuts
   Orc:2: 1622 daAuts
  Lair:3: 1609 daAuts
  Lair:2: 1585 daAuts
Shoals:2: 1490 daAuts
     D:7: 1476 daAuts
  Lair:1: 1470 daAuts
    D:14: 1373 daAuts
   IceCv: 1309 daAuts
    D:13: 1296 daAuts
 Snake:2: 1295 daAuts
    D:10: 1271 daAuts
